 Dungeon Crawl Stone Soup version 0.22-a0-439-gac93bac (webtiles) character file.

1639 Gorglomux the Skirmisher (level 8, -11/109 HPs)
             Began as a Minotaur Abyssal Knight on May 29, 2018.
             Was an Elder of Lugonu.
             Mangled by an orc warrior
             ... wielding a +0 scimitar
              (17 damage)
             ... on level 9 of the Dungeon.
             The game lasted 00:05:48 (5100 turns).

Gorglomux the Skirmisher (Minotaur Abyssal Knight)  Turns: 5100, Time: 00:05:48

Health: -11/109    AC:  5    Str: 24    XL:     8   Next: 66%
Magic:  10/11      EV: 11    Int:  9    God:    Lugonu [****..]
Gold:   19         SH:  5    Dex: 10    Spells: 7/7 levels left

rFire    . . .     SeeInvis .   a - +1 hand axe
rCold    . . .     Gourm    .   g - +1 buckler
rNeg     . . .     Faith    .   b - +0 leather armour
rPois    .         Spirit   .   (helmet restricted)
rElec    .         Reflect  .   (no cloak)
rCorr    .         Harm     .   R - +0 pair of gloves
MR       .....                  (no boots)
Stlth    ..........             (no amulet)
HPRegen  0.28/turn              (no ring)
MPRegen  0.12/turn              (no ring)

@: berserking (expiring), very quick
A: retaliatory headbutt, horns 2
a: Depart the Abyss, Bend Space, Banish, Corrupt, Renounce Religion


You were on level 9 of the Dungeon.
You worshipped Lugonu.
Lugonu was greatly pleased with you.
You were hungry.

You visited 1 branch of the dungeon, and saw 7 of its levels.
You visited the Abyss 1 time.
You also visited: Sewer.

You collected 206 gold pieces.
You spent 187 gold pieces at shops.

Inventory:

Hand Weapons
 a - a +1 hand axe (weapon)
Armour
 b - a +0 leather armour (worn)
 g - a +1 buckler (worn)
 R - a +0 pair of gloves (worn)
Jewellery
 c - an uncursed ring of protection from cold
 m - an uncursed ring of protection from magic
Wands
 P - a wand of paralysis (9)
Scrolls
 d - a scroll of fear
 w - a scroll of teleportation {unknown}
 T - a scroll of noise {unknown}
 U - a scroll of amnesia {unknown}
 V - a scroll of enchant weapon {unknown}
 Y - 2 scrolls of random uselessness {unknown}
 Z - 2 scrolls of remove curse
Potions
 h - a potion of might
 j - 4 potions of heal wounds
 q - 3 potions of curing
 r - 3 potions of flight
 x - a potion of cancellation {unknown}
 S - 2 potions of mutation {!q}
 W - a potion of magic {unknown}
 X - a potion of lignification
Comestibles
 i - 9 rations


   Skills:
 + Level 7.2 Fighting
 + Level 6.6 Axes
 + Level 6.5 Armour
 - Level 1.1 Dodging
 - Level 4.0 Shields
 + Level 5.5 Invocations


You had 7 spell levels left.
You didn't know any spells.
Your spell library contained the following spells:

 Spells                   Type           Power        Failure   Level  Hunger
 Spider Form              Tmut/Pois      #.........   80%         3    ####...
 Blade Hands              Tmut           #.........   100%        5    ######.
 Ice Form                 Ice/Tmut       #.......     99%         4    #####..
 Sticks to Snakes         Tmut           #.......     56%         2    ###....
 Beastly Appendage        Tmut           #.....       41%         1    ##.....


Dungeon Overview and Level Annotations

Branches:
Dungeon (6/15)
 Temple: D:4-7

Altars:
Nemelex Xobeh
Okawaru
Xom

Shops:
D:5 !   D:6 ?


Innate Abilities, Weirdness & Mutations

You reflexively headbutt those who attack you in melee.
You have a pair of horns on your head.


Message History

You barely miss the hell hound! The orc priest barely misses you!
You furiously retaliate!!!
You headbutt the orc priest!!!
The orc hits you with a club! * * * don't die
* * * You butt-ly miss the wight!
You destroy the wight!!!
Lugonu roars: ANNIHILATED!
You carve the hell hound like a ham!!!
You annihilate the hell hound!!!
Lugonu roars: ANNIHILATED!
You closely miss the orc priest! You slice the orc like a ripe choko!
You annihilate the orc!!!
Lugonu roars: ANNIHILATED!
You carve the orc priest like a ham!!!!!!
You annihilate the orc priest!!!
Lugonu roars: ANNIHILATED!
Unknown command!
You swing at nothing!
You barely miss something! Something hits you!!! butt

#.........#.......#
#.######........... #
#.# ###..#####.# .# #.#
#..# .##. #.# #..##
.#.. #.# #..)####.>#
#.# #...#.....# #.###
#...#.##).###..
#...######)....)@.....#
#....>..).))$..#))##..#
#...######...###..#
##..# #...# #..# #..#
#.....<... #..#
#.#.###.### #..# #.#.#
#.# #..# #.#o# #.. #..#
#.#.#


There were no monsters in sight!

Vanquished Creatures
  Eustachio (D:6)
  2 hell hounds (D:9)
  An ice beast (D:5)
  An ogre (D:5)
  A phantom (D:5)
  A sky beast (D:9)
  A centaur (D:6)
  A big kobold (Sewer)
  A bullfrog (D:6)
  A scorpion (D:6)
  A wight (D:9)
  2 jellies
  A hound (D:6)
  3 orc priests
  3 iguanas
  An orc wizard (D:4)
  3 worker ants
  A hound skeleton (D:4)
  A worker ant zombie (D:6)
  6 adders
  4 gnolls
  3 river rats (Sewer)
  A shadow imp (D:5)
  An ooze (D:4)
  2 adder skeletons
  3 worms
  4 dart slugs
  6 leopard geckos
  13 orcs
  10 bats
  7 giant cockroaches
  11 goblins
  6 hobgoblins
  11 jackals
  3 quokkas
  2 ball pythons (D:3)
  A frilled lizard (D:1)
  A giant cockroach zombie (D:5)
  6 kobolds
  A leopard gecko skeleton (D:4)
  A quokka skeleton (D:5)
  8 rats
138 creatures vanquished.

Vanquished Creatures (others)
  A water moccasin (D:9)
  A jelly (D:9)
  A worker ant zombie (D:9)
  A leopard gecko (D:9)
  An orc (D:9)
5 creatures vanquished.

Grand Total: 143 creatures vanquished

Notes
Turn   | Place    | Note
-------+----------+-------------------------------------------
     0 | Abyss:1  | Gorglomux the Minotaur Abyssal Knight began the quest for the Orb.
     0 | Abyss:1  | Reached XP level 1. HP: 19/19 MP: 1/1
    22 | Abyss:2  | Noticed a profane servitor
    26 | Abyss:3  | Found a corrupted altar of Lugonu.
    32 | Abyss:3  | Noticed a large abomination
    33 | D:1      | Escaped the Abyss
    96 | D:1      | Reached * piety under Lugonu
   143 | D:1      | Reached XP level 2. HP: 20/27 MP: 2/2
   553 | D:1      | Reached skill level 4 in Fighting
   560 | D:1      | Reached skill level 1 in Shields
   560 | D:1      | Reached XP level 3. HP: 27/33 MP: 3/3
   733 | D:2      | Reached skill level 3 in Armour
   910 | D:1      | Reached skill level 3 in Axes
  1050 | D:2      | Reached XP level 4. HP: 40/40 MP: 4/4
  1099 | D:2      | Reached ** piety under Lugonu
  1131 | D:2      | Found a shimmering altar of Xom.
  1722 | D:3      | Reached XP level 5. HP: 35/47 MP: 6/6
  1834 | D:3      | Found a glowing drain.
  1854 | Sewer    | Entered a sewer
  1931 | Sewer    | Reached skill level 3 in Invocations
  1949 | Sewer    | Found a glowing silver altar of Zin.
  2119 | D:3      | Reached skill level 5 in Fighting
  2325 | D:3      | Reached *** piety under Lugonu
  2410 | D:4      | Reached XP level 6. HP: 56/56 MP: 7/7
  2597 | D:4      | Found an iron altar of Okawaru.
  2877 | D:4      | Reached skill level 3 in Shields
  3041 | D:4      | Got a flickering ivory ring
  3299 | D:5      | Entered Level 5 of the Dungeon
  3349 | D:5      | Found a sparkling altar of Nemelex Xobeh.
  3373 | D:5      | Reached XP level 7. HP: 35/61 MP: 8/8
  3504 | D:5      | Found Qoanwoich's Distillery.
  3516 | D:5      | Bought a potion of curing for 33 gold pieces
  3516 | D:5      | Bought a potion of heal wounds for 55 gold pieces
  3516 | D:5      | Bought a potion of mutation for 88 gold pieces
  3516 | D:5      | Bought a potion of degeneration for 11 gold pieces
  4042 | D:6      | Identified the cursed ring "Mesugit" {Str+5 Slay-2} (You found it on level 4 of the Dungeon)
  4065 | D:6      | Reached skill level 6 in Fighting
  4183 | D:6      | Noticed Eustachio
  4241 | D:6      | Killed Eustachio
  4380 | D:6      | Found Guj Bacu's Magic Scroll Emporium.
  4415 | D:6      | Reached XP level 8. HP: 51/71 MP: 10/10
  4496 | D:6      | Reached **** piety under Lugonu
  4539 | D:6      | Reached skill level 6 in Axes
  4580 | D:6      | You fall through a shaft for 3 floors!
  4699 | D:9      | Reached skill level 6 in Armour
  4708 | D:9      | Reached skill level 7 in Fighting
  5100 | D:9      | Mangled by an orc warrior

Vault maps used:
D:1:      shiori_arrival_maze, st_stairs_11
D:2:      tgw_xom
D:3:      cheibrodos_sewer_entry_sluice, first_ration, grunt_decor_cap
D:4:      okawaru_gym_becter
D:5:      kennysheep_spiral_hall, serial_shops, shop_statue, basic_altar,
          kennysheep_generic_room_8
D:6:      minmay_temple_entry_poolview, serial_shops, nicolae_shop_stone,
          uniq_eustachio
D:9:      minmay_lair_entry_lava, lemuel_old_faithful
Abyss:1:  evilmike_abyss_exit_glass
Abyss:3:  hangedman_abyss_rune_macabre_mess
Sewer:    sewer_kobolds

Skill      XL: |  1  2  3  4  5  6  7  8 |
---------------+-------------------------+-----
Invocations    | 2 3 4 5 |  5.5
Fighting       | 4 5 6 7 |  7.2
Shields        | 1 2 3 4 |  4.0
Armour         | 3 4 5 6 |  6.5
Axes           | 3 4 5 6 |  6.6
Dodging        | |  1.1

Action                   |  1- 3 |  4- 6 |  7- 9 || total
-------------------------+-------+-------+-------++-------
Melee: Hand axe          |    88 |   187 |   167 ||   442
       Headbutt          |    17 |    31 |    31 ||    79
Invok: Depart the Abyss  |     1 |       |       ||     1
  Use: Scroll            |     1 |     3 |     5 ||     9
       Potion            |       |     2 |     2 ||     4
  Eat: Chunk             |     1 |     6 |     6 ||    13
Armor: Leather armour    |    23 |    36 |    36 ||    95
       Skin              |       |       |    10 ||    10
Dodge: Dodged            |    45 |   103 |    87 ||   235
Block: Buckler           |     5 |    32 |    43 ||    80

Table legend:
 A = Spawn XP
 B = Non-spawn XP
 C = Spawn XP percentage of total XP
 D = Spawn monster count
 E = Non-spawn monster count
 F = Spawn count percentage of total count
 G = Total turns spent on level
                    A         B        C        D         E        F      G
               +---------+---------+-------+---------+---------+-------+---------
         Total |       0 |    2342 |   0.0 |       0 |     138 |   0.0 |  5100
               +---------+---------+-------+---------+---------+-------+---------
           D:1 |       0 |      73 |   0.0 |       0 |      28 |   0.0 |   972
           D:2 |       0 |      95 |   0.0 |       0 |      20 |   0.0 |   668
           D:3 |       0 |      64 |   0.0 |       0 |      22 |   0.0 |   591
           D:4 |       0 |     229 |   0.0 |       0 |      23 |   0.0 |   896
           D:5 |       0 |     496 |   0.0 |       0 |      12 |   0.0 |   741
           D:6 |       0 |     679 |   0.0 |       0 |      12 |   0.0 |   540
           D:9 |       0 |     561 |   0.0 |       0 |      14 |   0.0 |   520
         Sewer |       0 |     145 |   0.0 |       0 |       7 |   0.0 |   139
               +---------+---------+-------+---------+---------+-------+---------
